 Dungeon Crawl Stone Soup version 0.21.1-1-g345015f (webtiles) character file.

84 letownia2 the Chiller (level 4, -2/30 HPs)
             Began as a Merfolk Ice Elementalist on Feb 15, 2018.
             Slain by an orc
             ... wielding a +0 trident
              (7 damage)
             ... on level 3 of the Dungeon.
             The game lasted 00:04:06 (480 turns).

letownia2 the Chiller (Merfolk Ice Elementalist)     Turns: 480, Time: 00:04:07

Health: -2/30      AC:  2    Str:  8    XL:     4   Next: 46%
Magic:  3/7        EV: 13    Int: 15    God:
Gold:   18         SH:  0    Dex: 14    Spells: 1/7 levels left

rFire    . . .     SeeInvis .   a - +0 spear
rCold    . . .     Gourm    .   (no shield)
rNeg     . . .     Faith    .   j - +0 robe
rPois    .         Spirit   .   (no helmet)
rElec    .         Reflect  .   (no cloak)
rCorr    .         Harm     .   (no gloves)
MR       .....                  (no boots)
Stlth    ++........             (no amulet)
HPRegen  0.10/turn              (no ring)
MPRegen  0.10/turn              (no ring)

@: no status effects
A: change form in water, swift swim, stealthy swim
a: no special abilities


You were on level 3 of the Dungeon.
You were not hungry.

You visited 1 branch of the dungeon, and saw 3 of its levels.

You collected 18 gold pieces.

Inventory:

Hand Weapons
 a - a +0 spear (weapon)
 g - a +0 dagger
Armour
 j - a +0 robe (worn)
Scrolls
 d - 2 scrolls of teleportation {unknown}
 e - 2 scrolls of remove curse {unknown}
 f - a scroll of noise {unknown}
 h - a scroll of fog {unknown}
 i - a scroll of amnesia {unknown}
 k - 3 scrolls of identify {unknown}
Books
 b - a book of Frost

   Spells                             Type                      Level
   a - Freeze                         Ice                          1
   b - Throw Frost                    Conjuration/Ice              2
   c - Ozocubu's Armour               Charms/Ice                   3
   d - Throw Icicle                   Conjuration/Ice              4
   e - Summon Ice Beast               Ice/Summoning                4
Comestibles
 c - 3 rations


   Skills:
 + Level 0.8 Polearms
 - Level 2.6 Dodging
 - Level 2.1 Stealth
 - Level 2.0 Spellcasting
 - Level 0.7 Conjurations
 - Level 5.5 Ice Magic


You had one spell level left.
You knew the following spells:

 Your Spells              Type           Power        Failure   Level  Hunger
a - Freeze                Ice            ###.         2%          1    #......
f - Throw Frost           Conj/Ice       ##....       9%          2    ###....
o - Ozocubu's Armour      Chrm/Ice       #.......     22%         3    ###....


Dungeon Overview and Level Annotations

Branches:
Dungeon (3/15)

Altars:


Message History

Aiming: Freeze
Press: ? - help, Shift-Dir - straight line, f - kobold
Aim: a kobold, wielding a short sword You freeze the kobold.
You kill the kobold!
The orc hits you from afar with a trident.
Unknown command.
The orc hits you with a trident!
* * * LOW HITPOINT WARNING * * *
Things that are here:
a short sword; a kobold corpse
Casting: Freeze
Confirm with . or Enter, or press ? or * to list all spells.
Aiming: Freeze
Press: ? - help, Shift-Dir - straight line, f - orc
Aim: an orc, wielding a trident and wearing a leather armour You freeze the orc.
The orc is almost dead.
The orc hits you with a trident!
You die...

#. #. ########## #....
##...(....## #.#..#.
##..........## #.#..#.
#....@♣♣.....###......
#....o)♣♣......##......
#....r..♣♣.......####.#.
........♣♣........#.....
.......♣♣♣♣.......###.#.
......♣ ♣♣......###.#.
..♣♣♣♣ ♣♣♣♣♣..'..... ..
♣.)(.###. ♣......### #.


You could see an orc and a rat.

Vanquished Creatures
  7 gnolls (D:2)
  2 ball pythons
  A giant cockroach (D:2)
  A goblin (D:2)
  3 hobgoblins
  5 kobolds
  A rat (D:1)
20 creatures vanquished.

Notes
Turn   | Place    | Note
-------+----------+-------------------------------------------
     0 | D:1      | letownia2 the Merfolk Ice Elementalist began the quest for the Orb.
     0 | D:1      | Reached XP level 1. HP: 13/13 MP: 3/3
   137 | D:2      | Reached skill level 4 in Ice Magic
   137 | D:2      | Reached XP level 2. HP: 9/19 MP: 0/5
   202 | D:2      | Reached XP level 3. HP: 16/24 MP: 2/6
   206 | D:2      | Learned a level 2 spell: Throw Frost
   235 | D:2      | Reached skill level 5 in Ice Magic
   366 | D:2      | Reached XP level 4. HP: 16/30 MP: 2/7
   433 | D:2      | Learned a level 3 spell: Ozocubu's Armour
   480 | D:3      | Slain by an orc

Skill      XL: |  1  2  3 |
---------------+----------+-----
Ice Magic      | 4 5 |  5.5
Polearms       | |  0.8
Dodging        | |  2.6
Stealth        | |  2.1
Spellcasting   | |  2.0
Conjurations   | |  0.7

Action                   |  1- 3 |  4- 6 || total
-------------------------+-------+-------++-------
Melee: Unarmed           |     3 |       ||     3
       Dagger            |    10 |       ||    10
       Tailslap          |     2 |       ||     2
       Spear             |       |    12 ||    12
 Cast: Freeze            |    25 |    10 ||    35
 Stab: Sleeping          |       |     1 ||     1
Armor: Robe              |     1 |       ||     1
Dodge: Dodged            |    17 |     9 ||    26
